 Dungeon Crawl Stone Soup version 0.17.0-28-g6e173f8 (webtiles) character file.

80 dohliylev the Covert (level 4, 0/33 HPs)
             Began as a Vampire Assassin on Nov 28, 2015.
             Slain by a goblin (2 damage)
             ... on level 3 of the Dungeon.
             The game lasted 00:05:15 (1127 turns).

dohliylev the Covert (Vampire Assassin)             Turns: 1127, Time: 00:05:15

Health: 0/33       AC:  0    Str:  5    XL:     4   Next: 18%
Magic:  4/4        EV: 19    Int: 13    God:
Gold:   43         SH:  0    Dex: 21    Spells: 0 memorised, 3 levels left

rFire  . . .     SeeInvis +     (weapon currently unavailable)
rCold  + . .     Clarity  .     (armour currently unavailable)
rNeg   + + .     SustAt   .     (shield currently unavailable)
rPois  +         Gourm    .     (helmet currently unavailable)
rElec  .         Spirit   .     (cloak currently unavailable)
rCorr  .         Warding  .     (gloves currently unavailable)
rMut   .         Stasis   +     (boots currently unavailable)
MR     .....                    p - amulet of stasis
Stlth  +++++.....               (ring currently unavailable)
                                (ring currently unavailable)

@: bat-form, flying, regenerating slowly, very quick, not resistant to hostile
enchantments, quite stealthy
A: (fangs 0), see invisible, (unbreathing)
a: End Transformation


You were on level 3 of the Dungeon.
You were thirsty.
You were in vampire-bat-form.
You visited 1 branch of the dungeon, and saw 3 of its levels.

You collected 43 gold pieces.

Inventory:

Hand Weapons
 a - a +2 dagger
 b - a +0 blowgun
Missiles
 e - 12 poisoned needles
 f - 2 curare-tipped needles
Armour
 c - a +0 robe (melded)
 d - a +0 cloak (melded)
Jewellery
 h - a ring of protection from cold (melded)
 m - a cursed ring of teleportation (melded)
 p - an amulet of stasis (around neck)
 q - a +3 ring of strength {unknown}
Wands
 s - a wand of frost (20)
Scrolls
 i - a scroll of immolation {unknown}
 k - a scroll of teleportation {unknown}
 n - a scroll of noise {unknown}
 o - 2 scrolls of identify {unknown}
 t - a scroll of remove curse {unknown}
Potions
 g - a potion of blood
 j - a potion of brilliance {unknown}
 l - a potion of cancellation {unknown}
 r - 2 potions of curing {unknown}


   Skills:
 - Level 1.7 Fighting
 - Level 2.1 Short Blades
 - Level 1.5 Throwing
 - Level 1.1 Dodging
 * Level 8.7 Stealth


You had 3 spell levels left.
You didn't know any spells.

Dungeon Overview and Level Annotations

Branches:
Dungeon (3/15)

Altars:
Elyvilon
Vehumet
Zin
The Shining One


Innate Abilities, Weirdness & Mutations

You heal slowly.
((You have razor-sharp teeth.))
You have supernaturally acute eyesight.
((You can survive without breathing.))


Message History

You are now empty-handed.
Your +0 cloak melds into your body.
Your +0 robe melds into your body.
Your ring of protection from cold melds into your body.
Your cursed ring of teleportation melds into your body.
You can't open doors in your present form.
You can't open doors in your present form.
The goblin shouts!
The goblin shoots a stone.
The stone hits you.
* * * LOW HITPOINT WARNING * * *
You hear a splash.
The goblin shoots a stone.
The stone completely misses you.
You hear a splash.
The goblin shouts!
The goblin shoots a stone.
The stone barely misses you.
The goblin shoots a stone.
The stone misses you.
The goblin shoots a stone.
The stone barely misses you.
The goblin shouts!
The goblin unwields an uncursed hunting sling.
The goblin hits you.
You die...

...≈≈# ...≈≈# #..≈≈# #..≈≈#
#..≈≈# #..≈≈# ##+## ##+##g.≈≈#
#.g.# #.....b≈≈###.. #...#
#..g..≈≈≈.(... ...... #≈≈≈#
#≈≈≈≈≈≈≈#..#... !......
#≈≈≈##+++##≈≈≈≈≈≈##.>............
#≈≈≈≈..o≈≈≈≈.(..(#.#............
###≈≈...≈≈##.#..................
###...####....................
#.### ####.................. #.#
#<.....K.#............


You could see 2 goblins.

Vanquished Creatures
  2 gnolls (D:1)
  2 adders (D:3)
  2 giant geckos (D:1)
  8 bats
  2 giant cockroaches
  5 hobgoblins (D:1)
  5 jackals
  A ball python (D:1)
  A giant newt (D:1)
  3 goblins
  5 kobolds (D:1)
  2 rats (D:1)
38 creatures vanquished.

Notes
Turn   | Place    | Note
--------------------------------------------------------------
     0 | D:1      | dohliylev the Vampire Assassin began the quest for the Orb.
     0 | D:1      | Reached XP level 1. HP: 16/16 MP: 1/1
    62 | D:1      | Reached skill level 6 in Stealth
   195 | D:1      | Reached XP level 2. HP: 16/22 MP: 2/2
   371 | D:1      | Reached skill level 7 in Stealth
   468 | D:1      | Reached XP level 3. HP: 27/27 MP: 3/3
   805 | D:1      | Reached skill level 8 in Stealth
   911 | D:2      | Found a glowing silver altar of Zin.
   911 | D:2      | Found a glowing golden altar of the Shining One.
   911 | D:2      | Found a radiant altar of Vehumet.
   958 | D:3      | Reached XP level 4. HP: 19/33 MP: 4/4
  1019 | D:3      | Found a white marble altar of Elyvilon.
  1109 | D:3      | HP: 1/33 [goblin/stone (3)]
  1127 | D:3      | Slain by a goblin

Action                   |  1- 3 |  4- 6 || total
-------------------------+-------+-------++-------
Melee: Dagger            |    80 |    13 ||    93
 Fire: Blowgun           |       |     2 ||     2
 Abil: Bat Form          |       |     1 ||     1
 Stab: Sleeping          |    21 |     1 ||    22
